Get step-by-step instructions on how to execute this build order below. Start the game timer, and the build order will tick by so you can play in parallel with StarCraft on a second screen or mobile device.

Game Time

  0:00

Last Step

  N/A

Next Step

Upcoming Step



Don't want to look back and forth between 2 screens? Try out our Overwolf App, the Spawning Tool Build Advisor to get an in-game overlay with this build!

Complete Build Order

  12  0:01  Drone  
  13  0:12  Overlord  
  13  0:17  Drone  
  14  0:31  Drone x2  
  16  0:37  Drone  
  17  0:54  Hatchery  
  16  1:05  Extractor, Drone x2  
  17  1:18  Spawning Pool  
  16  1:23  Drone x2  
  18  1:30  Drone  
  19  1:39  Overlord  
  19  1:50  Drone  
  20  2:06  Queen  
  20  2:07  Queen  
  24  2:11  Drone  
  24  2:12  Baneling Nest  
  24  2:17  Drone x2  
  24  2:20  Zergling x2  
  27  2:38  Overlord x2  
  27  2:46  Metabolic Boost  
  27  2:50  Drone x3  
  30  3:06  Zergling x4  
  32  3:17  Hatchery  
  31  3:24  Drone x3, Zergling x2  
  35  3:28  Drone  
  36  3:34  Lair  
  36  3:37  Drone  
  37  3:56  Evolution Chamber, Drone  
  37  3:58  Drone x4  
  37  3:59  Drone x3  
  44  4:04  Extractor  
  44  4:05  Extractor  
  42  4:28  Zergling x10  
  42  4:29  Zergling x2  
  48  4:42  Baneling  
  48  4:43  Baneling  
  48  4:44  Baneling x2  
  48  4:57  Queen  
  50  5:03  Centrifical Hooks  
  50  5:12  Drone  
  50  5:13  Drone x6  
  50  5:14  Drone  
  58  5:15  Overlord  
  58  5:29  Pneumatized Carapace  
  58  5:36  Zergling x8  
  58  5:37  Zergling x4  
  60  6:06  Zergling x2  
  60  6:07  Zergling x8  
  63  6:21  Baneling x4  
  63  6:34  Drone  
  63  6:38  Drone x2  
  63  6:39  Overlord x2  
  66  6:40  Overlord x2  
  57  7:08  Zergling x10  
  58  7:09  Zergling x24  
  58  7:12  Overseer  
  74  7:23  Drone x3  
  74  7:25  Overlord  
  74  7:28  Extractor x2  
  75  7:53  Baneling x4  
  75  7:58  Baneling  
  75  7:59  Baneling  
  75  8:00  Baneling  
  75  8:01  Baneling